Map: Acid Plant LE

Players

LiquidMaNa (MaNa)

  • Race: Protoss Protoss
  • League: Grandmaster
  • Spawn Location: 11:00

Namshar - Winner!

  • Race: Zerg Zerg
  • League: Grandmaster
  • Spawn Location: 5:00

Event: HomeStory Cup XVII

VOD

Have the link to the VOD?

Description

Time

  • Played on: June 28, 2018, 4:35 p.m.
  • Length: 16:03

All games in this series

Show
View Real Time Build Order
Export as new Build Order

LiquidMaNa Protoss 

Build Orders: 1 Gate Expand, Oracle Opening, Phoenix Opening, Chargelot Immortal, Mass Phoenix 

Get SALT Encoding   

  12  0:00  Probe  
  13  0:12  Probe  
  14  0:17  Pylon  
  14  0:24  Probe  
  15  0:32  Probe  
  15  0:37  Assimilator  
  15  0:40  Probe  
  16  0:48  Gateway  
  17  0:50  Probe  
  18  0:58  Probe  
  19  1:06  Probe  
  20  1:25  Nexus  
  20  1:38  Cybernetics Core  
  20  1:39  Probe  
  21  1:45  Assimilator  
  21  1:51  Probe  
  22  1:57  Pylon  
  22  2:04  Probe  
  23  2:12  Probe  
  23  2:15  Adept  
  25  2:16  Warp Gate  
  25  2:21  Probe  
  26  2:24  Stargate  
  27  2:32  Probe  
  27  2:33  Probe  
  28  2:41  Probe  
  28  2:42  Adept  
  31  2:44  Probe  
  33  2:51  Probe  
  33  2:56  Probe  
  35  2:58  Phoenix  
  35  3:03  Probe  
  36  3:08  Probe  
  39  3:15  Probe  
  39  3:18  Gateway  
  40  3:20  Probe  
  40  3:24  Pylon  
  40  3:25  Oracle  
  44  3:27  Probe  
  44  3:32  Assimilator, Probe  
  46  3:34  Assimilator  
  46  3:38  Probe  
  46  3:45  Stargate  
  46  3:46  Probe x2  
  48  3:54  Pylon  
  49  3:57  Probe  
  49  3:58  Probe  
  49  3:59  Phoenix  
  53  4:09  Probe, Pylon  
  54  4:13  Probe  
  55  4:18  Pylon  
  55  4:21  Probe  
  55  4:23  Zealot x2  
  55  4:24  Phoenix  
  60  4:25  Probe  
  60  4:30  Phoenix  
  65  4:43  Phoenix  
  64  4:55  Phoenix  
  66  5:07  Pylon  
  66  5:09  Robotics Facility  
  66  5:10  Nexus  
  66  5:11  Phoenix, Pylon  
  66  5:18  Phoenix  
  66  5:20  Probe x2  
  72  5:26  Shield Battery  
  72  5:30  Robotics Facility  
  72  5:31  Sentry  
  72  5:32  Sentry  
  72  5:35  Probe x2  
  78  5:47  Probe x2  
  78  5:49  Shield Battery  
  80  5:52  Immortal  
  80  5:57  Zealot  
  80  5:59  Probe x2  
  88  6:08  Forge, Twilight Council  
  88  6:09  Immortal  
  88  6:11  Probe x2  
  90  6:23  Probe x3  
  97  6:27  Immortal  
  97  6:33  Zealot x2  
  97  6:35  Assimilator, Probe  
  106  6:44  Charge, Protoss Ground Weapons Level 1  
  106  6:48  Immortal  
  106  6:53  Pylon  
  106  7:00  Templar Archives  
  109  7:01  Pylon  
  109  7:11  Gateway  
  109  7:12  Gateway  
  109  7:14  Gateway  
  109  7:17  Gateway  
  109  7:20  Gateway  
  109  7:25  Immortal  
  109  7:28  Psionic Storm, Shield Battery  
  113  7:31  Probe x2  
  113  7:35  Probe, Pylon  
  116  7:39  Probe x2  
  118  7:45  Assimilator  
  118  7:47  High Templar x2, Probe  
  123  7:55  Gateway  
  123  7:56  Photon Cannon, Probe  
  124  7:59  Pylon  
  124  8:03  Observer  
  124  8:04  Immortal  
  129  8:08  High Templar  
  131  8:13  Photon Cannon  
  131  8:19  Protoss Ground Weapons Level 2, Gateway  
  131  8:21  Gateway  
  131  8:25  Photon Cannon  
  131  8:26  Zealot x2  
  135  8:34  Immortal  
  135  8:37  High Templar  
  141  8:42  Pylon  
  141  8:44  Pylon  
  141  8:45  Pylon  
  141  8:57  Nexus  
  141  9:01  Forge  
  141  9:02  Pylon  
  141  9:04  High Templar x3  
  147  9:22  Zealot x7  
  131  9:46  Zealot x9  
  130  10:00  Immortal  
  130  10:06  High Templar x3  
  130  10:07  High Templar x3  
  142  10:08  Protoss Ground Armor Level 1, Zealot  
  142  10:10  Archon  
  148  10:18  Pylon  
  148  10:23  Pylon  
  148  10:29  Pylon x2  
  135  10:51  Zealot  
  135  10:52  Zealot x4  
  135  10:54  Zealot x2  
  135  10:55  Zealot  
  139  11:01  Archon  
  131  11:07  Immortal x2, Assimilator  
  129  11:13  High Templar x3  
  129  11:14  High Templar x2  
  139  11:25  Sentry  
  139  11:26  Zealot x2  
  145  11:37  Photon Cannon  
  145  11:39  Photon Cannon  
  145  11:41  Photon Cannon  
  145  11:43  Shield Battery  
  139  11:49  Archon x3  
  139  11:53  High Templar x2  
  133  11:54  Nexus  
  133  11:56  Zealot x3  
  133  11:57  Zealot x2  
  135  12:09  Probe, Zealot  
  135  12:14  Probe x2  
  135  12:21  Probe  
  135  12:22  Zealot  
  130  12:24  High Templar x3  
  136  12:31  Nexus  
  135  12:42  Pylon  
  135  12:43  Probe x2  
  137  12:55  High Templar x2, Observer  
  137  12:56  Protoss Ground Armor Level 2  
  142  13:03  Archon  
  142  13:12  Zealot x5  
  152  13:19  Assimilator  
  152  13:23  Assimilator  
  146  13:34  Zealot x5  
  156  13:44  Fleet Beacon  
  154  13:50  Zealot  
  146  13:57  High Templar  
  146  13:58  High Templar x3  
  146  14:01  Observer  
  155  14:04  Archon  
  155  14:05  Archon, Zealot  
  157  14:15  Zealot x3  
  141  14:31  High Templar x2  
  141  14:32  High Templar x2, Zealot  
  145  14:39  Zealot x2  
  149  14:46  Tempest  
  131  14:53  Tempest  
  131  14:58  Observer  
  122  15:37  Zealot x4  
  120  15:55  Archon  
  90  15:58  Zealot x5  
Show
View Real Time Build Order
Export as new Build Order

Namshar Zerg - Winner!

Build Orders: Hatch First 

Get SALT Encoding   

  12  0:01  Drone  
  13  0:12  Overlord  
  13  0:17  Drone  
  14  0:30  Drone x2  
  16  0:47  Hatchery  
  15  0:51  Drone  
  15  0:54  Drone  
  17  0:58  Drone  
  18  1:07  Extractor  
  17  1:13  Spawning Pool  
  17  1:16  Drone  
  17  1:19  Drone  
  18  1:28  Drone  
  19  1:38  Drone  
  20  1:49  Drone  
  21  2:00  Overlord  
  21  2:01  Queen x2  
  21  2:04  Zergling x2  
  21  2:08  Metabolic Boost  
  26  2:10  Zergling x2  
  26  2:15  Drone  
  28  2:23  Drone  
  28  2:26  Drone  
  30  2:33  Hatchery  
  30  2:37  Drone  
  30  2:47  Overlord, Queen  
  33  2:51  Drone  
  33  2:54  Drone  
  33  2:57  Drone x2  
  36  3:07  Overlord  
  36  3:13  Drone x4  
  40  3:21  Drone  
  40  3:25  Queen  
  43  3:28  Overlord  
  43  3:30  Drone  
  44  3:35  Drone  
  44  3:40  Overlord x2  
  45  3:41  Lair  
  45  3:43  Drone  
  45  3:44  Drone  
  45  3:48  Spore Crawler, Drone  
  47  3:52  Spore Crawler  
  47  3:53  Drone  
  47  3:55  Drone, Extractor  
  48  3:59  Drone  
  48  4:01  Drone  
  49  4:05  Drone x2  
  49  4:08  Drone x3  
  54  4:13  Drone x2  
  54  4:15  Drone  
  57  4:19  Drone  
  57  4:21  Drone  
  57  4:22  Drone x2  
  57  4:23  Extractor  
  60  4:29  Extractor  
  60  4:30  Drone  
  60  4:31  Drone x3  
  63  4:37  Drone  
  63  4:38  Drone x2  
  63  4:42  Drone x2  
  63  4:43  Drone  
  66  4:49  Overlord  
  66  4:50  Hydralisk Den  
  66  4:52  Drone x3  
  68  4:56  Spore Crawler, Drone x2  
  68  4:57  Overlord  
  68  5:06  Queen  
  69  5:12  Overlord  
  69  5:13  Overlord x2  
  69  5:15  Drone  
  69  5:16  Extractor  
  69  5:19  Hydralisk  
  69  5:20  Muscular Augments  
  69  5:21  Hydralisk x3  
  71  5:23  Hydralisk x2  
  71  5:26  Hydralisk  
  83  5:34  Hydralisk x2  
  87  5:35  Overlord  
  87  5:37  Drone  
  87  5:38  Evolution Chamber  
  87  5:43  Hydralisk x2  
  87  5:45  Extractor  
  90  5:51  Hydralisk x2  
  94  5:59  Hydralisk x2  
  94  6:00  Drone x2  
  94  6:01  Drone x3  
  101  6:22  Drone  
  101  6:23  Drone x3  
  101  6:25  Overlord x4  
  105  6:31  Overlord, Grooved Spines  
  105  6:32  Hatchery  
  104  6:36  Overlord  
  104  6:37  Overlord  
  104  6:45  Drone  
  105  6:47  Zerg Missile Weapons Level 1  
  105  6:49  Overlord x2  
  105  6:50  Drone  
  105  6:51  Drone  
  107  6:54  Drone  
  107  6:55  Baneling Nest, Evolution Chamber  
  107  6:56  Hydralisk x5  
  107  7:01  Hydralisk x2  
  116  7:02  Hydralisk  
  116  7:07  Hydralisk  
  124  7:08  Hydralisk  
  124  7:09  Hydralisk  
  128  7:28  Drone  
  128  7:29  Drone x11  
  140  7:45  Centrifical Hooks  
  140  7:46  Zerg Melee Weapons Level 1  
  140  7:51  Overlord x2  
  140  7:52  Overlord, Spore Crawler  
  140  7:53  Drone  
  140  7:56  Hatchery  
  139  7:59  Hydralisk x5, Queen  
  151  8:06  Overlord  
  151  8:11  Hydralisk x4  
  151  8:12  Hydralisk  
  161  8:17  Hydralisk x3  
  161  8:18  Hydralisk  
  161  8:19  Overlord  
  169  8:23  Zergling x12  
  174  8:39  Drone  
  175  8:44  Overlord  
  175  8:45  Hydralisk  
  175  8:46  Zergling x28  
  191  9:00  Hatchery  
  191  9:02  Zergling x2  
  191  9:06  Baneling x5  
  191  9:07  Baneling x3  
  191  9:08  Baneling x12  
  191  9:09  Baneling  
  191  9:10  Baneling x5  
  191  9:13  Hydralisk  
  191  9:14  Hydralisk, Zergling x8  
  199  9:26  Baneling x13  
  199  9:27  Zergling x2  
  200  9:33  Hydralisk, Zergling x8  
  200  9:35  Hydralisk  
  200  9:36  Zergling x20  
  193  9:40  Hydralisk  
  193  9:41  Zergling x4  
  194  9:50  Hydralisk  
  194  9:51  Zergling x10  
  199  9:55  Zergling x2  
  199  9:56  Zergling x4  
  187  10:03  Hydralisk x2, Zergling x2  
  186  10:07  Zerg Missile Weapons Level 2, Zerg Melee Weapons Level 2  
  186  10:08  Infestation Pit  
  186  10:10  Hydralisk, Zergling x6  
  186  10:11  Zergling x2  
  186  10:12  Baneling x10  
  186  10:13  Baneling  
  191  10:18  Baneling x2  
  191  10:22  Baneling x4  
  187  10:47  Hydralisk  
  187  10:48  Zergling x34  
  186  10:57  Hydralisk, Zergling x20  
  161  10:58  Zergling x8  
  161  11:03  Hydralisk x3  
  141  11:11  Hive  
  141  11:12  Drone  
  141  11:13  Spire, Drone x4  
  141  11:14  Drone x3  
  141  11:16  Queen x2  
  152  11:24  Hydralisk x2  
  152  11:25  Hydralisk x4  
  164  11:27  Baneling x4  
  164  11:33  Hydralisk x2, Hatchery  
  167  11:44  Hydralisk x2  
  167  11:45  Zergling x24  
  158  12:01  Hydralisk x7  
  158  12:22  Drone  
  158  12:23  Drone x2, Extractor  
  158  12:24  Drone x3, Extractor  
  158  12:25  Drone x3  
  158  12:27  Greater Spire  
  158  12:28  Zergling x20  
  173  12:30  Zerg Melee Weapons Level 3  
  173  12:37  Adrenal Glands  
  173  12:40  Zergling x2  
  173  12:41  Zergling x10  
  173  12:52  Baneling  
  173  12:53  Baneling x6  
  173  12:55  Zergling x2  
  173  12:56  Zergling x34  
  189  13:05  Extractor  
  189  13:11  Queen  
  189  13:17  Spore Crawler, Drone x2  
  189  13:19  Hydralisk  
  187  13:20  Zergling x22  
  187  13:22  Spore Crawler  
  189  13:27  Drone x10  
  189  13:28  Drone x2  
  185  13:36  Corruptor x5  
  185  13:37  Corruptor x2  
  197  13:47  Queen  
  187  14:15  Brood Lord x3  
  187  14:16  Brood Lord  
  187  14:17  Brood Lord x2  
  189  14:36  Brood Lord  
  189  14:37  Hydralisk  
  189  14:38  Hydralisk x4  
  185  14:39  Zergling x16, Hatchery  
  189  14:50  Drone x14  
  180  14:57  Hydralisk  
  180  14:58  Zergling x20  
  190  15:02  Extractor  
  189  15:10  Corruptor x2  
  189  15:11  Corruptor x2  
  189  15:13  Baneling x7  
  197  15:15  Overseer x2  
  197  15:24  Baneling x7  
  197  15:27  Baneling x4, Hatchery  
  196  15:29  Hydralisk  
  196  15:30  Zergling x4  
Tags
 
Add a new tag
Caveats
  • Supply blocks, unpowered buildings, or Contaminate may cause inaccurate times.
  • Supply counts are checked every 10 seconds.